 Dungeon Crawl Stone Soup version 0.18.1-6-gd335043 (webtiles) character file.

181 M4edhros the Poker (level 5, 0/41 HPs)
             Began as a Formicid Fighter on May 20, 2016.
             Succumbed to a scorpion's poison
             ... on level 4 of the Dungeon.
             The game lasted 00:02:54 (1891 turns).

M4edhros the Poker (Formicid Fighter)               Turns: 1891, Time: 00:02:55

Health: 0/41       AC:  7    Str: 19 (20) XL:     5   Next: 92%
Magic:  5/5        EV:  7    Int:  5 (8)  God:
Gold:   70         SH:  8    Dex:  8 (11) Spells: 0 memorised, 4 levels left

rFire  . . .     SeeInvis +     a - +0 trident
rCold  . . .     Gourm    .     b - +0 scale mail
rNeg   . . .     Faith    .     c - +0 shield
rPois  .         Spirit   .     (helmet unavailable)
rElec  .         Dismiss  .     (no cloak)
rCorr  .         Reflect  .     (no gloves)
SustAt .         Harm     .     i - +0 pair of boots
MR     .....                    (no amulet)
Stlth  ..........               (no ring)
                                (no ring)

@: lethally poisoned (0 -> -10), drained, not resistant to hostile enchantments,
extremely unstealthy
A: permanent stasis, dig shafts and tunnels, four strong arms, antennae 3
a: Dig, Shaft Self


You were on level 4 of the Dungeon.
You were not hungry.

You visited 1 branch of the dungeon, and saw 4 of its levels.

You collected 70 gold pieces.

Inventory:

Hand Weapons
 a - a +0 trident (weapon)
 p - a +3 antimagic dagger
 q - a +2 hunting sling of flaming
Missiles
 r - 34 stones (quivered)
Armour
 b - a +0 scale mail (worn)
 c - a +0 shield (worn)
 i - a +0 pair of boots (worn)
Wands
 s - a wand of slowing (6/48)
Scrolls
 h - 2 scrolls of remove curse {unknown}
 k - a scroll of noise {unknown}
 l - a scroll of enchant armour {unknown}
 m - 2 scrolls of immolation {unknown}
Potions
 e - a potion of flight
 o - a potion of agility
Comestibles
 d - 3 chunks of flesh
 f - 5 bread rations


   Skills:
 - Level 3.2(2.2) Fighting
 + Level 5.6(4.5) Polearms
 - Level 3.2(2.2) Armour
 - Level 3.6(2.5) Shields


You had 4 spell levels left.
You didn't know any spells.

Dungeon Overview and Level Annotations

Branches:
Dungeon (4/15)
 Temple: D:4-7

Altars:
Xom
Zin

Annotations:
D:3 PeterLawrence's ghost, weakling MiFi


Innate Abilities, Weirdness & Mutations

You are under a permanent stasis effect.
You can dig through walls and to a lower floor.
Your four strong arms can wield two-handed weapons with a shield.
You have a pair of large antennae on your head (SInv).


Message History

You barely miss the scorpion.
The scorpion is moderately wounded.
* * * LOW HITPOINT WARNING * * *
You feel sick.
The scorpion stings you but does no damage.
The scorpion stings you.
* * * LOW HITPOINT WARNING * * *
* * * LOW HITPOINT WARNING * * *
You feel sick.
* * * LOW HITPOINT WARNING * * *
You feel sick.
Drink which item? (? for menu, Esc to quit)
Okay, then.
* * * LOW HITPOINT WARNING * * *
You feel sick.
* * * LOW HITPOINT WARNING * * *
You feel sick.
* * * LOW HITPOINT WARNING * * *
You feel sick.
You die...

################### #.#
#......รท..........# #.#
#.###############.# #.#### #.#
#.........#.# ####..... #.#
#.#######.#.# #........ #.#
#....# #.#.# #........
#.#####....# #.#.# #.....###
#.#........####.#.######.....##
#.#.......>..s.@..............#
#.#..........################.#
#.#......<......#.......# ...
#.#........#....#.#####.# #.#
#.'........#....(.# #.# .#
###........#.##########.# .#
########..............#
########.#.###......###
...........###......#


You could see a scorpion.

Vanquished Creatures
  The ghost of M4edhros the Poker, a weakling FoFi (D:4)
  An orc wizard (D:4)
  3 adders
  4 worms
  2 giant geckos
  5 orcs
  4 giant cockroaches
  6 goblins
  4 hobgoblins (D:1)
  8 jackals
  7 kobolds
  A ball python (D:2)
  8 bats
  4 giant newts
  4 rats
62 creatures vanquished.

Notes
Turn   | Place    | Note
--------------------------------------------------------------
     0 | D:1      | M4edhros the Formicid Fighter began the quest for the Orb.
     0 | D:1      | Reached XP level 1. HP: 18/18 MP: 1/1
   111 | D:1      | Reached XP level 2. HP: 24/24 MP: 2/2
   204 | D:1      | Reached skill level 3 in Polearms
   227 | D:1      | Reached XP level 3. HP: 21/29 MP: 3/3
   610 | D:2      | Found a glowing silver altar of Zin.
   610 | D:2      | Found a shimmering altar of Xom.
   610 | D:2      | Noticed an angel
   830 | D:2      | Reached XP level 4. HP: 31/35 MP: 4/4
   858 | D:3      | Reached skill level 4 in Polearms
  1241 | D:4      | Noticed M4edhros's ghost (weakling FoFi)
  1461 | D:4      | Killed M4edhros's ghost
  1461 | D:4      | Reached skill level 5 in Polearms
  1461 | D:4      | Reached XP level 5. HP: 35/41 MP: 5/5
  1871 | D:3      | Noticed PeterLawrence's ghost (weakling MiFi)
  1889 | D:4      | HP: 2/41 [poisoned by a scorpion]
  1891 | D:4      | Succumbed to a scorpion's poison

Skill      XL: |  1  2  3  4 |
---------------+-------------+-----
Polearms       | 3 5 |  5.6
Fighting       | |  3.2
Armour         | |  3.2
Shields        | |  3.6

Action                   |  1- 3 |  4- 6 || total
-------------------------+-------+-------++-------
Melee: Trident           |   152 |   135 ||   287
Evoke: Wand              |       |     9 ||     9
  Use: Potion            |       |     7 ||     7
  Eat: Chunk             |       |     4 ||     4
Armor: Scale mail        |    77 |    51 ||   128
Dodge: Dodged            |    41 |    33 ||    74
Block: Shield            |    62 |    53 ||   115
